 Dungeon Crawl Stone Soup version 0.31-a0-167-g1c394c0614 (webtiles) character file.

Game seed: 7586193721287602063

84 IdlyInterested the Trooper (level 4, 0/36 HPs)
             Began as a Demonspawn Gladiator on June 14, 2023.
             Slain by Crazy Yiuf
             ... wielding a +4 quarterstaff of chaos
              (8 damage)
             ... on level 2 of the Dungeon.
             The game lasted 00:06:22 (2372 turns).

IdlyInterested the Trooper (Demonspawn Gladiator)   Turns: 2372, Time: 00:06:22

Health: 0/36       AC:  5    Str: 15    XL:     4   Next: 23%
Magic:  4/4        EV: 22    Int: 11    God:
Gold:   20         SH:  0    Dex: 14    Spells: 3/3 levels left

rFire   . . .        a - +0 rapier
rCold   . . .        (no shield)
rNeg    . . .        b - +0 leather armour
rPois   .            c - +0 helmet
rElec   .            (no cloak)
rCorr   .            (no gloves)
SInv    .            (no boots)
Will    .....        (no amulet)
Stlth   ++           i - +5 ring of evasion
HPRegen 0.26/turn    (no ring)
MPRegen 0.09/turn

%: no passive effects
@: agile
A: rugged brown scales 1, demonic magic 1
a: no special abilities


You were on level 2 of the Dungeon.
You visited 1 branch of the dungeon, and saw 2 of its levels.

You collected 20 gold pieces.

Inventory:

Hand Weapons
 a - a +0 rapier (weapon)
 m - a +0 rapier
Missiles
 d - a throwing net
 e - a javelin
 f - 26 stones (quivered)
 h - a poisoned dart
Armour
 b - a +0 leather armour (worn)
 c - a +0 helmet (worn)
Jewellery
 i - a +5 ring of evasion (left hand)
Scrolls
 g - a scroll of blinking {unknown}
 j - a scroll of amnesia
Potions
 k - a potion of curing
 l - a potion of cancellation


   Skills:
 - Level 3.0 Fighting
 + Level 2.6 Short Blades
 - Level 1.7 Throwing
 - Level 1.0 Armour
 + Level 2.6 Dodging
 * Level 2.5 Stealth
 - Level 1.0 Evocations


You had 3 spell levels left.
You didn't know any spells.
Your spell library was empty.

Dungeon Overview and Level Annotations

Branches:
Dungeon (2/15)

Altars:

Shops:
D:1 :

Annotations:
D:2 Crazy Yiuf


Innate Abilities, Weirdness & Mutations

You are partially covered in rugged brown scales. (AC +1, +3% HP)
Spells you cast may paralyse adjacent enemies.


Message History

Crazy Yiuf struggles against the net.
You hit Crazy Yiuf.
Crazy Yiuf is moderately wounded.
Crazy Yiuf struggles against the net.
The net rips apart, and Crazy Yiuf comes free!
You hit Crazy Yiuf.
Crazy Yiuf is heavily wounded.
Crazy Yiuf completely misses you.
You hit Crazy Yiuf.
Crazy Yiuf is severely wounded.
Crazy Yiuf grits, "Ice bush ladder!"
Crazy Yiuf hits you with a +4 quarterstaff of chaos.
You blink.
Throw: 2 darts (poison)
Press: ? - help, Shift-Dir - straight line, f/p - Crazy Yiuf
Aim: Crazy Yiuf, wielding a +4 quarterstaff of chaos and wearing a +0 cloak (severely wounded, 63% to hit)
You throw a poisoned dart.
The poisoned dart closely misses Crazy Yiuf.
Throw: 2 throwing nets
Press: ? - help, Shift-Dir - straight line, f/p - Crazy Yiuf
Aim: Crazy Yiuf, wielding a +4 quarterstaff of chaos and wearing a +0 cloak (severely wounded, 63% to hit)
You throw a throwing net.
The throwing net closely misses Crazy Yiuf.
Crazy Yiuf hits you with a +4 quarterstaff of chaos.
You feel agile all of a sudden.
You hit Crazy Yiuf but do no damage.
Crazy Yiuf is severely wounded.
Crazy Yiuf hits you with a +4 quarterstaff of chaos.
You barely miss Crazy Yiuf.
Crazy Yiuf is severely wounded.
Crazy Yiuf completely misses you.
You closely miss Crazy Yiuf.
Crazy Yiuf is severely wounded.
Crazy Yiuf hits you with a +4 quarterstaff of chaos!
Crazy Yiuf freezes you.
* * * LOW HITPOINT WARNING * * *
You hit Crazy Yiuf but do no damage.
Crazy Yiuf is severely wounded.
Crazy Yiuf hits you with a +4 quarterstaff of chaos!
You die...

<.............###################
##.##.....###....................
...##.....#...##########..###.###
...####.###.#.# #).# #.# #
.....##.###.### ##..###.# #
...#.##.....# #...#.#.# #
...#.######.# ##### #...###.# #
##...#####..# #)..# #...###.# #
##.........# #@..# ##.###..# #
#...##..).# #g..# #..# #.## #
#...##....# ##(## ##.# #.# #
#.........# ♣.♣♣ #.# #.# #
###.........# ♣♣.♣ #.###.####
....#..>....# ♣.♣♣ #.........
#####.##...## ♣♣.♣ #####.####
#.##...## ♣♣.♣♣ #.## #.......#
♣♣...♣ #..#


You could see Crazy Yiuf.

Vanquished Creatures
  An adder (D:2)
  5 endoplasms
  A giant cockroach (D:2)
  8 goblins
  8 hobgoblins
  8 jackals (D:1)
  3 quokkas
  7 ball pythons
  8 bats
  2 frilled lizards
  3 kobolds
  13 rats
67 creatures vanquished.

Notes
Turn   | Place    | Note
-------+----------+-------------------------------------------
     0 | D:1      | IdlyInterested the Demonspawn Gladiator began the quest for
                  | the Orb.
     0 | D:1      | Reached XP level 1. HP: 16/16 MP: 1/1
   345 | D:1      | Gained mutation: Spells you cast may paralyse adjacent
                  | enemies. [demonic ancestry]
   345 | D:1      | Reached XP level 2. HP: 23/23 MP: 2/2
   447 | D:1      | Found Qodiex's Book Emporium.
   549 | D:1      | Reached skill level 1 in Armour
   561 | D:1      | Reached skill level 1 in Stealth
   617 | D:1      | Reached XP level 3. HP: 28/28 MP: 3/3
  1658 | D:2      | Reached skill level 1 in Evocations
  1678 | D:2      | Reached skill level 3 in Fighting
  1678 | D:2      | Gained mutation: You are partially covered in rugged brown
                  | scales. (AC +1, +3% HP) [demonic ancestry]
  1678 | D:2      | Reached XP level 4. HP: 12/36 MP: 4/4
  2173 | D:2      | Found a runed translucent door.
  2174 | D:2      | Noticed Crazy Yiuf
  2372 | D:2      | Slain by Crazy Yiuf

Illustrated notes

Levels and vault maps discovered:
D:1:      dpeg_cavernosity, layout_basic, serial_shops, nicolae_shop_peninsula
D:2:      layout_loops_ring, serial_aquarium, aquarium_bridge_straight
          [aquarium_subvault_bridge, aquarium_subvault_window,
          aquarium_subvault_bridge, aquarium_subvault_window],
          aquarium_window_corridor_3, aquarium_window_2, aquarium_window_1,
          aquarium_view_2g, aquarium_view_2a, aquarium_balcony_3b, st_stairs_5,
          minmay_tripent, uniq_crazy_yiuf_cottage

Skill      XL: |  1  2  3 |
---------------+----------+-----
Armour         | 1 |  1.0
Stealth        | 1 2 |  2.5
Evocations     | 1 |  1.0
Fighting       | 3 |  3.0
Short Blades   | |  2.6
Throwing       | |  1.7
Dodging        | |  2.6

Action                     |  1- 3 |  4- 6 || total
---------------------------+-------+-------++-------
  Melee: Rapier            |   179 |    49 ||   228
         Punch             |     1 |     2 ||     3
  Throw: Throwing net      |       |     2 ||     2
         Dart              |       |     1 ||     1
    Use: Scroll            |     1 |     1 ||     2
         Potion            |       |     1 ||     1
   Stab: Sleeping          |     3 |     1 ||     4
 Armour: Leather armour    |    37 |     8 ||    45
  Dodge: Dodged            |   149 |    32 ||   181

Table legend: (Time is in decaauts)
 A = Elapsed time spent in this place.
 B = Non-inter-level travel time spent in this place.
 C = Inter-level travel time spent in this place.
 D = Time resting spent in this place.
 E = Time spent auto-exploring this place.
 F = Levels seen in this place.
 G = Mean time per level.
                   A        B        C        D        E       F      G
               +--------+--------+--------+--------+--------+-----+--------+
         Total |   2387 |   2052 |    335 |    176 |   1321 |   2 | 1193.5 |
       Dungeon |   2387 |   2052 |    335 |    176 |   1321 |   2 | 1193.5 |
               +--------+--------+--------+--------+--------+-----+--------+

Top non-repeatable levels by time:
     D:1: 1446 daAuts
     D:2: 940 daAuts
